 Dungeon Crawl Stone Soup version 0.30-a0-748-ge6a52f7cba (webtiles) character file.

Game seed: 12657896090660133864

12628 sanka the Grappler (level 11, -8/111 HPs)
             Began as a Troll Monk on Feb 8, 2023.
             Was a High Priest of Okawaru.
             Killed from afar by a fire dragon (49 damage)
             ... with a blast of flame
             ... on level 10 of the Dungeon.
             The game lasted 00:18:08 (7502 turns).

sanka the Grappler (Troll Monk)                     Turns: 7502, Time: 00:18:08

Health: -8/111     AC: 13    Str: 25    XL:     11   Next: 64%
Magic:  9/15       EV: 11    Int:  6    God:    Okawaru [*****.]
Gold:   155        SH: 13    Dex: 12    Spells: 10/10 levels left

rFire   . . .      SeeInvis .      - Unarmed
rCold   + . .      Faith    +    c - +2 kite shield {AC+3}
rNeg    . . .      Spirit   .    P - +0 acid dragon scales
rPois   +          Reflect  .    (helmet restricted)
rElec   .          Harm     .    h - +0 cloak
rCorr   +          Rampage  .    (gloves unavailable)
Will    .....                    (boots unavailable)
Stlth   +++                      F - amulet of faith
HPRegen 1.18/turn                E - ring of poison resistance
MPRegen 0.14/turn                p - ring of protection from cold

@: heroic, finesse-ful, studying Throwing
A: large, unfitting armour, claws 3, regeneration 1, shaggy fur 1, tough skin 1
a: Renounce Religion, Heroism, Finesse, Duel


You were on level 10 of the Dungeon.
You worshipped Okawaru.
Okawaru was extremely pleased with you.
You visited 2 branches of the dungeon, and saw 11 of its levels.
You also visited: Sewer and Ossuary.

You collected 629 gold pieces.
You spent 474 gold pieces at shops.


Innate Abilities, Weirdness & Mutations

You are too large for most types of armour.
You have claws for hands.
Your natural rate of healing is unusually fast.
You are covered in fur. (AC +1)
You have tough skin. (AC +1)


   Skills:
 - Level 8.0(13.0) Fighting
 - Level 2.4(7.4) Dodging
 - Level 1.0(6.0) Stealth
 + Level 6.7(11.7) Shields
 - Level 13.1(18.1) Unarmed Combat
 - Level 6.8 Invocations


You had 10 spell levels left.
You didn't know any spells.
Your spell library contained the following spells:

 Spells                   Type           Power      Damage    Failure   Level
 Slow                     Hex            0%         N/A       71%         1
 Sting                    Tmut/Pois      0%         1d3       71%         1
 Blink                    Tloc           0%         N/A       85%         2
 Cigotuvi's Dreadful Rot  Necr/Pois/Air  0%         N/A       85%         2
 Ensorcelled Hibernation  Hex/Ice        0%         N/A       85%         2
 Lesser Beckoning         Tloc           0%         N/A       85%         2
 Momentum Strike          Conj/Tloc      0%         3d8       85%         2
 Poisonous Vapours        Pois/Air       0%         N/A       85%         2
 Confusing Touch          Hex            0%         N/A       97%         3
 Frozen Ramparts          Ice            0%         1d1       97%         3
 Ignite Poison            Fire/Tmut/Pois 0%         N/A       97%         3
 Mephitic Cloud           Conj/Pois/Air  0%         N/A       97%         3
 Spider Form              Tmut/Pois      0%         N/A       97%         3
 Vampiric Draining        Necr           0%         2d6       97%         3
 Anguish                  Hex/Necr       0%         N/A       100%        4
 Ice Form                 Ice/Tmut       0%         N/A       100%        4
 Sticky Flame             Conj/Fire      0%         2d3       100%        4
 Freezing Cloud           Conj/Ice/Air   0%         6-21      100%        5
 Discord                  Hex            0%         N/A       100%        8
 Ignition                 Fire           0%         3d3       100%        8
 Polar Vortex             Ice            0%         N/A       100%        9
 Tukima's Dance           Hex            Unusable   N/A       N/A         3
 Summon Ice Beast         Ice/Summ       Unusable   N/A       N/A         4
 Simulacrum               Ice/Necr       Unusable   N/A       N/A         6

Inventory:

Missiles
 f - 4 boomerangs (quivered)
 L - 2 curare-tipped darts {=f}
 O - 3 throwing nets {=f}
Armour
 c - a +2 kite shield of protection (worn)
 h - a +0 cloak (worn)
 P - +0 acid dragon scales (worn)
Jewellery
 a - an amulet of reflection
 p - a ring of protection from cold (right claw)
 C - a ring of protection from cold
 E - a ring of poison resistance (left claw)
 F - an amulet of faith (around neck)
 J - a ring of fire
Wands
 l - a wand of polymorph (8)
 m - a wand of light (5)
 t - a wand of mindburst (4)
 D - a wand of iceblast (18)
 K - a wand of digging (3)
 N - a wand of flame (18)
Scrolls
 e - 6 scrolls of immolation {!r}
 k - 7 scrolls of teleportation {@r4}
 o - 2 scrolls of enchant armour
 q - 3 scrolls of magic mapping
 s - a scroll of blinking
 u - 3 scrolls of noise {!r}
 x - a scroll of poison
 y - a scroll of fear
 B - 5 scrolls of fog
 G - 3 scrolls of identify {@r1}
 M - 2 scrolls of vulnerability {!r}
 Q - a scroll of silence {!r}
Potions
 b - 2 potions of ambrosia
 d - 4 potions of might {unknown}
 g - 3 potions of brilliance {unknown}
 i - 4 potions of curing {unknown}
 j - 3 potions of haste {unknown}
 n - 3 potions of cancellation {unknown}
 r - a potion of resistance {unknown}
 v - a potion of invisibility {unknown}
 w - 4 potions of heal wounds {unknown}
 z - 3 potions of mutation {unknown}
 A - 3 potions of flight {unknown}
 H - 2 potions of lignification {unknown}
 I - 6 potions of magic {unknown}

Dungeon Overview and Level Annotations

Branches:
Dungeon (10/15)            Temple (1/1) D:6             Orc (0/2) D:9
  Sewer (visited)         Ossuary (visited)
   Lair: D:8-11

Altars:
Ashenzari
Cheibriados
Dithmenos
Elyvilon
Fedhas
Gozag
Hepliaklqana
Kikubaaqudgha
Makhleb
Nemelex Xobeh
Okawaru
Qazlal
Ru
Sif Muna
Trog
Uskayaw
Vehumet
Wu Jian
Xom
Yredelemnul
Zin
The Shining One

Shops:
D:9 ?

Annotations:
D:10 1 runed translucent door

.....▒ ▒.▒D...▒≈≈▒..▒ .....▒▒
▒.▒.⌠..▒≈#▒..▒ ......▒
▒.▒....▒▒▒▒..▒ ......▒
▒.▒...[...▒..▒ ......▒
▒.▒▒▒▒....▒..▒▒▒▒▒▒▒▒▒ ......▒
▒.▒≈≈▒..⌠.▒........... ......▒
▒▒.▒≈≈▒D...▒........... .....▒▒
▒▒..▒▒▒▒D▒▒▒▒........... .....▒
▒......T†.....▒▒▒▒▒▒....
.....▒▒▒▒▒.▒▒.▒..▒...▒.▒ ▒..▒▒
▒▒...............▒...▒.▒ ▒))▒
.▒.▒'▒▒▒▒........▒▒▒'▒.▒ ▒.)▒▒
▒▒.▒....▒..............▒ ▒.)..
...▒....▒.▒▒▒▒▒▒▒▒▒'▒..▒ ▒....
...▒....▒.▒.........▒..▒ ▒....
...'....▒.▒.........▒..▒▒▒▒▒▒....
...▒....▒.▒.........▒............


You could see a fire dragon (catching breath) and an ice dragon.


Message History

The fire dragon tramples you but does no damage.
You scratch the fire dragon.
The fire dragon is heavily wounded.
You mangle the fire dragon!!
The fire dragon is severely wounded.
The fire dragon closely misses you. The fire dragon closely misses you.
You block the fire dragon's attack. You block the fire dragon's attack.
The fire dragon claws you but does no damage.
You block the fire dragon's attack.
You mangle the fire dragon!!
You kill the fire dragon!
Okawaru is honoured by your kill.
You mangle the fire dragon!!
The fire dragon is moderately wounded.
You barely miss the fire dragon.
The fire dragon is moderately wounded.
You block the fire dragon's attack. You block the fire dragon's attack.
You block the fire dragon's attack.
You eviscerate the fire dragon!!!
The fire dragon is almost dead.
You barely miss the fire dragon.
The fire dragon is almost dead.
You barely miss the fire dragon.
The fire dragon is almost dead.
The fire dragon breathes flames at you. The blast of flame hits you!!!
You die...

Action                     |  1- 3 |  4- 6 |  7- 9 | 10-12 || total
---------------------------+-------+-------+-------+-------++-------
  Melee: Unarmed           |   109 |   112 |   259 |   316 ||   796
         Punch             |     2 |     8 |    12 |    11 ||    33
 Invoke: Heroism           |       |       |       |     5 ||     5
         Finesse           |       |       |       |     1 ||     1
    Use: Scroll            |       |       |       |     9 ||     9
   Stab: Sleeping          |     2 |     5 |       |       ||     7
 Armour: Robe              |    40 |    21 |       |       ||    61
         Troll leather arm |       |    20 |   101 |    36 ||   157
         Acid dragon scale |       |       |       |    70 ||    70
  Dodge: Dodged            |    62 |    56 |   112 |   142 ||   372
  Block: Kite shield       |       |       |       |    70 ||    70

Levels and vault maps discovered:
D:1:      roderic_dead_forest, layout_rooms, minmay_pentomino_t4
D:2:      layout_loops_ring, kennysheep_potato
D:3:      layout_rooms, marbit_many_paths, serial_forest,
          infiniplex_forest_lined_2, infiniplex_forest_end_1,
          infiniplex_forest_clump_small, infiniplex_forest_lined_corner,
          infiniplex_forest_clump_small, infiniplex_forest_zigzag_2,
          portal_sewer_entry_f, hangedman_abyss_or_decor_lesser_grid,
          chequers_serial_rivers_small_3, minmay_stone_trees_small, uniq_natasha
D:4:      layout_cave_pools, uniq_pikel
D:5:      layout_cave_pods, nicolae_ossuary_entry_monument, uniq_duvessa
D:6:      layout_basic, minmay_temple_entry_sparse_star, minmay_misc_feat_chi
D:7:      layout_rooms
D:8:      layout_basic, mainiacjoe_overflow_brackets, serial_demonic,
          serial_demonic_g, serial_demonic_g, serial_demonic_g,
          serial_demonic_e, serial_demonic_e, serial_demonic_a
D:9:      layout_irregular_city, orc_0_dummy, serial_shops, shop, uniq_harold,
          uniq_maggie
D:10:     layout_irregular_city, nicolae_dithmenos_through_a_glass_darkly,
          minmay_guarded_unrand_resistance
Temple:   nicolae_temple_bog_church

Notes
Turn   | Place    | Note
-------+----------+-------------------------------------------
     0 | D:1      | sanka the Troll Monk began the quest for the Orb.
     0 | D:1      | Reached XP level 1. HP: 22/22 MP: 0/0
    11 | D:1      | Reached XP level 2. HP: 25/29 MP: 1/1
    49 | D:1      | Got the Vademecum on the Viperous Jinx
   110 | D:1      | Reached skill level 3 in Fighting
   121 | D:1      | Reached XP level 3. HP: 37/37 MP: 2/2
   257 | D:1      | Reached skill level 4 in Unarmed Combat
   718 | D:2      | Reached XP level 4. HP: 42/45 MP: 3/3
  1177 | D:3      | Noticed Natasha
  1184 | D:3      | Killed Natasha
  1185 | D:3      | Reached skill level 5 in Unarmed Combat
  1206 | D:3      | Reached XP level 5. HP: 48/53 MP: 4/4
  1333 | D:3      | Noticed Natasha
  1338 | D:3      | Killed Natasha
  1409 | D:3      | Found a glowing drain.
  1422 | Sewer    | Entered a sewer
  1484 | Sewer    | Noticed Pargi
  1492 | Sewer    | Killed Pargi
  1493 | Sewer    | Reached skill level 6 in Unarmed Combat
  1493 | Sewer    | Reached XP level 6. HP: 47/61 MP: 5/5
  1659 | D:3      | Found a stormy altar of Qazlal.
  1785 | D:3      | Noticed Natasha
  1792 | D:3      | Killed Natasha
  1899 | D:3      | Reached skill level 7 in Unarmed Combat
  2006 | D:4      | Reached XP level 7. HP: 67/67 MP: 6/6
  2012 | D:4      | Noticed Pikel
  2031 | D:4      | Killed Pikel
  2032 | D:4      | Reached skill level 9 in Unarmed Combat
  2131 | D:4      | Reached XP level 8. HP: 75/75 MP: 7/7
  2271 | D:4      | Reached skill level 10 in Unarmed Combat
  2303 | D:6      | Found a staircase to the Ecumenical Temple.
  2310 | Temple   | Entered the Ecumenical Temple
  2453 | Temple   | Became a worshipper of Warmaster Okawaru
  2453 | Temple   | Reached * piety under Okawaru
  2453 | Temple   | Reached ** piety under Okawaru
  2491 | D:6      | Reached skill level 1 in Invocations
  2599 | D:6      | Reached skill level 2 in Invocations
  2758 | D:6      | Reached skill level 3 in Invocations
  2902 | D:6      | Reached skill level 4 in Invocations
  3060 | D:6      | Reached skill level 5 in Invocations
  3135 | D:5      | Entered Level 5 of the Dungeon
  3162 | D:5      | Reached *** piety under Okawaru
  3374 | D:5      | Reached XP level 9. HP: 73/83 MP: 11/11
  3510 | D:5      | Found a sand-covered staircase.
  3519 | Ossuary  | Entered an ossuary
  3894 | D:5      | Noticed Dowan
  3895 | D:5      | Noticed Duvessa
  3934 | D:5      | Killed Duvessa
  3935 | D:5      | Reached skill level 4 in Fighting
  3945 | D:5      | Killed Dowan
  4437 | D:7      | Reached skill level 11 in Unarmed Combat
  4458 | D:7      | Reached **** piety under Okawaru
  4459 | D:7      | Reached skill level 5 in Fighting
  4577 | D:7      | Received a gift from Okawaru
  4966 | D:8      | Reached skill level 6 in Fighting
  4971 | D:8      | Reached XP level 10. HP: 75/98 MP: 12/12
  4980 | D:8      | Reached ***** piety under Okawaru
  4985 | D:8      | Received a gift from Okawaru
  4986 | D:8      | Reached skill level 12 in Unarmed Combat
  5331 | D:8      | Identified the +0 animal skin of Jummorph {Harm} (Okawaru
                  | gifted it to you on level 8 of the Dungeon)
  5331 | D:8      | Received a gift from Okawaru
  5398 | D:9      | Found a staircase to the Orcish Mines.
  5569 | D:9      | Noticed Harold
  5593 | D:9      | Killed Harold
  5594 | D:9      | Reached skill level 7 in Fighting
  5596 | D:9      | Noticed a two-headed ogre
  5601 | D:9      | Killed a two-headed ogre
  5602 | D:9      | Reached skill level 6 in Invocations
  5628 | D:9      | Noticed a two-headed ogre
  5652 | D:9      | Killed a two-headed ogre
  5660 | D:9      | Identified +0 acid dragon scales
  5660 | D:9      | Noticed Maggie
  5700 | D:9      | Killed Maggie
  5701 | D:9      | Reached XP level 11. HP: 111/111 MP: 14/14
  5878 | D:8      | Found a burning altar of Makhleb.
  5884 | D:8      | Reached skill level 13 in Unarmed Combat
  5907 | D:8      | Identified the +1 ring mail of Free Expression {rElec rCorr
                  | Int+5 Dex-3}
  6153 | D:8      | Reached skill level 8 in Fighting
  6290 | D:9      | Found Senuff's Magic Scroll Shop.
  6303 | D:9      | Bought a scroll of teleportation for 36 gold pieces
  6303 | D:9      | Bought a scroll of enchant armour for 90 gold pieces
  6519 | D:9      | Bought a scroll of poison for 48 gold pieces
  6519 | D:9      | Bought a scroll of magic mapping for 90 gold pieces
  6519 | D:9      | Bought a scroll of silence for 114 gold pieces
  6519 | D:9      | Bought a scroll of vulnerability for 48 gold pieces
  6519 | D:9      | Bought a scroll of amnesia for 48 gold pieces
  6524 | D:9      | Identified 2 scrolls of acquirement
  6526 | D:9      | Acquired a manual of Throwing
  6528 | D:9      | Acquired a +2 kite shield of protection
  6635 | D:10     | Entered Level 10 of the Dungeon
  6662 | D:9      | Reached skill level 1 in Shields
  6817 | D:10     | Reached skill level 2 in Shields
  6830 | D:10     | Reached skill level 3 in Shields
  6830 | D:10     | Noticed a sixfirhy
  6877 | D:10     | Found a shadowy altar of Dithmenos.
  7020 | D:10     | Reached skill level 4 in Shields
  7077 | D:10     | Noticed an ice dragon
  7078 | D:10     | Found a runed translucent door.
  7078 | D:10     | Found the +2 shield of Resistance {rF++ rC++ Will++}
  7078 | D:10     | Noticed a fire dragon
  7079 | D:10     | Noticed a fire dragon
  7079 | D:10     | Noticed an ice dragon
  7082 | D:10     | Found a runed translucent door.
  7099 | D:10     | Reached skill level 5 in Shields
  7158 | D:10     | Received a gift from Okawaru
  7486 | D:10     | Killed an ice dragon
  7486 | D:10     | Identified +0 ice dragon scales
  7487 | D:10     | Reached skill level 6 in Shields
  7497 | D:10     | Killed a fire dragon
  7502 | D:10     | Killed from afar by a fire dragon

Vanquished Creatures
  A fire dragon (D:10)
  Harold (D:9)
  An ice dragon (D:10)
  2 two-headed ogres (D:9)
  Pikel (D:4)
  A gargoyle (D:10)
  Maggie (D:9)
  3 kobold demonologists (D:10)
  A troll (D:10)
  15 yaks
  2 wyverns
  A steam dragon (D:7)
  Duvessa (D:5)
  A sky beast (D:7)
  Pargi (Sewer)
  2 orc warriors (D:9)
  2 black bears (D:6)
  An ice beast (D:8)
  2 ogres
  A centaur (D:6)
  2 lemures (D:4)
  2 phantoms
  5 kobold brigands
  7 bullfrogs
  2 gnoll sergeants
  4 scorpions
  A necrophage (D:6)
  21 wights
  Dowan (D:5)
  9 killer bees
  3 howler monkeys
  3 hounds
  A jelly (D:3)
  A quasit (D:8)
  4 orc priests
  Natasha (thrice) (D:3)
  A gnoll bouda (D:9)
  An iguana (D:6)
  12 orc wizards
  8 mummies (Ossuary)
  15 gnolls
  4 adders
  2 shadow imps (D:8)
  4 white imps
  An ufetubus (D:8)
  A worm (D:3)
  3 dart slugs
  22 orcs
  6 ball pythons
  6 bats
  8 endoplasms
  6 giant cockroaches
  A gnoll zombie (Ossuary)
  13 goblins
  12 hobgoblins
  3 jackals
  12 quokkas
  A frilled lizard (D:2)
  2 hobgoblin zombies (Ossuary)
  16 kobolds
  4 kobold zombies (Ossuary)
  An orc zombie (Ossuary)
  8 rats
283 creatures vanquished.

Vanquished Creatures (others)
  10 demonic plants (D:8)
10 creatures vanquished.

Grand Total: 293 creatures vanquished
